 Dungeon Crawl Stone Soup version 0.20-a0-493-g19c8d8d (webtiles) character file.

9111 TheGoonsmith the Basher (level 11, -1/60 HPs)
             Began as a Vine Stalker Berserker on Jan 17, 2017.
             Was a High Priest of Trog.
             Slain by a hell rat (6 damage)
             ... summoned by a deep elf mage
             ... on level 10 of the Dungeon on Jan 18, 2017.
             The game lasted 00:22:25 (10649 turns).

TheGoonsmith the Basher (Vine Stalker Berserker)   Turns: 10649, Time: 00:22:26

Health: -1/60      AC: 11    Str: 21    XL:     11   Next: 41%
Magic:  0/21       EV:  9    Int:  7    God:    Trog [*****.]
Gold:   644        SH:  0    Dex: 16    Spells: 10/10 levels left

rFire    . . .     SeeInvis .   a - +4 flail (venom)
rCold    . . .     Gourm    .   y - +1 scale mail {MR+}
rNeg     . . .     Faith    .   (no shield)
rPois    .         Spirit   +   D - +1 helmet
rElec    .         Reflect  .   O - +0 cloak
rCorr    .         Harm     .   (no gloves)
MR       ++++.     Clarity  +   i - +0 pair of boots
Stlth    ..........             (no amulet)
Regen    1.6/turn               k - ring of magical power
                                (no ring)

@: exhausted, regenerating, slowed, heavily drained, very slow
A: fangs 3, clarity, regeneration 1, magic shield, antimagic bite, no potion
heal 3, rot immunity
a: Berserk, Trog's Hand, Brothers in Arms, Burn Spellbooks, Renounce Religion


You were on level 10 of the Dungeon.
You worshipped Trog.
Trog was extremely pleased with you.
You were very hungry.

You visited 1 branch of the dungeon, and saw 10 of its levels.

You collected 644 gold pieces.

Inventory:

Hand Weapons
 a - a +4 flail of venom (weapon)
 b - a +2 longbow of flaming
 h - a +0 mace
 A - a +0 blowgun
 C - a +0 morningstar
 J - a +1 dire flail
Missiles
 o - 2 throwing nets (quivered)
 p - 157 arrows
 x - 26 tomahawks
 B - 8 poisoned needles
Armour
 i - a +0 pair of boots (worn)
 y - a +1 scale mail of magic resistance (worn)
 D - a +1 helmet (worn)
 E - a +0 plate armour
 O - a +0 cloak (worn)
 Q - +0 steam dragon scales
Jewellery
 g - an uncursed ring of fire
 k - a ring of magical power (right hand)
 m - an uncursed ring of protection from magic {unknown}
 M - an uncursed ring of stealth {unknown}
 N - an uncursed ring of stealth {unknown}
Wands
 I - a wand of acid (5/15)
 K - a wand of scattershot (3/9)
 P - a wand of scattershot (5/9)
 X - a wand of acid (11/15)
Scrolls
 f - 6 scrolls of identify
 n - a scroll of enchant weapon
 r - 5 scrolls of remove curse
 s - 3 scrolls of teleportation
 v - a scroll of immolation
 w - a scroll of acquirement {unknown}
 R - 2 scrolls of magic mapping
 V - a scroll of holy word {unknown}
 Z - a scroll of blinking {unknown}
Potions
 e - a potion of mutation {unknown}
 j - a potion of cancellation {unknown}
 l - a potion of resistance {unknown}
 q - 2 potions of ambrosia
 u - a potion of magic {unknown}
 z - 3 potions of curing
 F - 2 potions of flight
 H - a potion of haste
 L - a potion of brilliance {unknown}
 S - a potion of agility {unknown}
 U - a potion of lignification {unknown}
 Y - a potion of heal wounds {unknown}
Comestibles
 c - 11 bread rations
 d - 3 meat rations
 t - 8 slices of pizza
 G - 3 beef jerkies
 T - 3 fruits


   Skills:
 - Level 8.0(6.4) Fighting
 * Level 13.9(12.1) Maces & Flails
 - Level 1.5(0.2) Armour
 - Level 1.5(0.2) Dodging


You had 10 spell levels left.
You didn't know any spells.

Dungeon Overview and Level Annotations

Branches:
Dungeon (10/15)            Temple (0/1) D:4            Lair (0/6) D:8
    Orc: D:9-12

Altars:
The Shining One


Innate Abilities, Weirdness & Mutations

You have razor-sharp teeth.
Your natural rate of healing is unusually fast.
When hurt, damage is shared between your health and your magic reserves.
Your bite disrupts and absorbs the magic of your enemies.
Potions cannot restore your health.
You are immune to rotting.
You possess an exceptional clarity of mind.


Message History

The hell rat is almost dead.
* * * LOW HITPOINT WARNING * * *
You feel sick. The hell rat closely misses you. The hell rat barely misses you.
You bludgeon the hell rat!!
You kill the hell rat!
The hell rat's corpse disappears in a puff of smoke!
* * * LOW HITPOINT WARNING * * *
You feel sick.
You thump the hell rat!
The hell rat is poisoned.
The hell rat is heavily wounded.
You are no longer berserk.
You are exhausted.
You feel yourself slow down.
* * * LOW HITPOINT WARNING * * *
You feel sick. The hell rat bites you.
You feel drained.
The hell rat bites you but does no damage.
Your system rejects the healing.
You feel better.
The deep elf mage casts a spell.
The hell rat closely misses you. The hell rat bites you!
You die...

#.#
#.##...#..).............#
#)#
#.##...##.#.......#######
#.# #......##.#.......#
#.# #......##.#.......#
##.#
#......##.#####...####
...# #......##.# #......#
...# #......##(# #......#
..## #......##)# ###....#
..#
#......##@##+#########
..# #......##rr....# ..#
#......##.§48..##### ..#
##......##.((...#...# ###
#.......##e##e###...#
#.......##(##.# #...#
#.......##.##.###...#
#.......##.#........#
#######.†#.#........#


You could see a rust devil, 2 deep elf magi and 2 hell rats.

Vanquished Creatures
  Pikel (D:8)
  An ugly thing (D:9)
  The ghost of brokenspear the Nimble, a novice FeCj of Vehumet (D:8)
  2 hippogriffs
  Prince Ribbit (D:5)
  A yak (D:7)
  3 hogs (D:7)
  A human (D:7)
  A steam dragon (D:9)
  2 hungry ghosts (D:10)
  3 wargs
  Edmund (D:6)
  4 water moccasins
  2 orc warriors
  7 sky beasts
  3 ice beasts
  A black bear (D:7)
  A necrophage (D:6)
  A slave (D:8)
  4 phantoms
  4 centaurs
  4 ogres
  The ghost of RexxRaptorr the Insei, an amateur OpTm (D:3)
  A crocodile (D:10)
  4 bullfrogs
  Blork the orc (D:5)
  2 wyvern zombies
  3 scorpions
  16 killer bees
  3 wights (D:8)
  An electric eel (D:7)
  3 howler monkeys (D:7)
  3 crimson imps
  A lava snake (D:7)
  A centaur zombie (D:5)
  A hound (D:9)
  4 jellies
  A quasit (D:9)
  2 bullfrog skeletons
  7 orc priests
  5 orc wizards
  3 iguanas
  4 worker ants
  Terence (D:3)
  A killer bee zombie (D:9)
  A hound zombie (D:5)
  3 hound skeletons
  A worker ant zombie (D:5)
  Robin (D:3)
  8 gnolls
  A howler monkey skeleton (D:5)
  11 adders
  A shadow imp (D:5)
  2 adder zombies
  2 adder skeletons
  5 worms
  3 dart slugs
  6 leopard geckos
  53 orcs
  7 bats
  8 giant cockroaches
  23 goblins
  11 hobgoblins
  17 jackals
  5 quokkas
  9 frilled lizards
  7 kobolds
  A leopard gecko skeleton (D:8)
  2 quokka zombies
  10 rats
316 creatures vanquished.

Vanquished Creatures (collateral kills)
  A centaur skeleton (D:8)
1 creature vanquished.

Grand Total: 317 creatures vanquished

Notes
Turn   | Place    | Note
-------+----------+-------------------------------------------
     0 | D:1      | TheGoonsmith the Vine Stalker Berserker began the quest for the Orb.
     0 | D:1      | Reached XP level 1. HP: 11/11 MP: 2/2
   581 | D:1      | Reached skill level 3 in Maces & Flails
   666 | D:1      | Reached XP level 2. HP: 9/16 MP: 3/3
  1174 | D:1      | Reached XP level 3. HP: 19/20 MP: 4/4
  1386 | D:2      | Reached ** piety under Trog
  1949 | D:2      | Reached skill level 4 in Maces & Flails
  1949 | D:2      | Gained mutation: Your natural rate of healing is unusually fast. [Vine Stalker growth]
  1949 | D:2      | Reached XP level 4. HP: 24/24 MP: 5/5
  2366 | D:3      | Noticed Terence
  2380 | D:3      | Killed Terence
  2380 | D:3      | Reached XP level 5. HP: 28/28 MP: 6/6
  2664 | D:3      | Reached *** piety under Trog
  2875 | D:3      | Reached skill level 5 in Maces & Flails
  2875 | D:3      | Reached XP level 6. HP: 33/33 MP: 7/7
  3002 | D:3      | Noticed RexxRaptorr's ghost (amateur OpTm)
  3024 | D:3      | Killed RexxRaptorr's ghost
  3162 | D:3      | Noticed Robin
  3193 | D:3      | Killed Robin
  3349 | D:3      | Reached **** piety under Trog
  3655 | D:4      | Noticed a phantom
  3661 | D:4      | Killed a phantom
  3661 | D:4      | Reached skill level 6 in Maces & Flails
  3661 | D:4      | Reached XP level 7. HP: 38/38 MP: 8/8
  3875 | D:4      | Found a staircase to the Ecumenical Temple.
  4149 | D:4      | Reached skill level 5 in Fighting
  4149 | D:4      | Reached skill level 7 in Maces & Flails
  4443 | D:5      | Entered Level 5 of the Dungeon
  4519 | D:5      | Gained mutation: You have razor-sharp teeth. [Vine Stalker growth]
  4519 | D:5      | Reached XP level 8. HP: 42/43 MP: 9/9
  4539 | D:5      | Noticed Blork the orc
  4544 | D:5      | Killed Blork the orc
  4638 | D:5      | Noticed Prince Ribbit
  4642 | D:5      | Killed Prince Ribbit
  4753 | D:5      | Reached skill level 8 in Maces & Flails
  5366 | D:6      | Reached XP level 9. HP: 48/48 MP: 10/10
  5368 | D:6      | Reached skill level 9 in Maces & Flails
  5392 | D:6      | Reached ***** piety under Trog
  5509 | D:6      | Noticed Edmund
  5522 | D:6      | Killed Edmund
  6270 | D:7      | Reached skill level 10 in Maces & Flails
  6863 | D:7      | Reached XP level 10. HP: 55/55 MP: 11/11
  6871 | D:7      | Reached skill level 11 in Maces & Flails
  7050 | D:8      | Noticed a cyan ugly thing
  7128 | D:8      | Noticed brokenspear's ghost (novice FeCj)
  7201 | D:8      | Killed brokenspear's ghost
  7331 | D:8      | Reached skill level 12 in Maces & Flails
  7442 | D:8      | Identified Kikubaaqudgha's Tome of Darkness
  7478 | D:8      | Noticed Pikel
  7491 | D:8      | Killed Pikel
  7526 | D:8      | Found a staircase to the Lair.
  7885 | D:9      | Found a glowing golden altar of the Shining One.
  8084 | D:9      | Killed a cyan ugly thing
  8084 | D:9      | Received a gift from Trog
  8084 | D:9      | Reached skill level 13 in Maces & Flails
  8084 | D:9      | Reached XP level 11. HP: 45/60 MP: 12/12
  9767 | D:10     | Entered Level 10 of the Dungeon
 10618 | D:10     | Noticed a deep elf mage
 10629 | D:10     | Noticed a deep elf mage
 10630 | D:10     | Gained mutation: You possess an exceptional clarity of mind. [a neqoxec]
 10647 | D:10     | HP: 4/90 [poisoned by a redback]
 10649 | D:10     | Slain by a hell rat

Vault maps used:
D:1:      dpeg_arrival_circle_labyrinth_a
D:3:      kennysheep_goblin_castle, first_bread, uniq_terence
D:5:      uniq_prince_ribbit1, uniq_blork_the_orc
D:6:      uniq_edmund
D:7:      grunt_livestock, nicolae_lava_and_water
D:8:      erik_lair_orcish_takeover, uniq_pikel
D:9:      tso_metal_star
D:10:     david_defended_altar_elf

Skill      XL: |  1  2  3  4  5  6  7  8  9 10 |
---------------+-------------------------------+-----
Maces & Flails | 3 4 5 6 7 8 10 13 | 13.9
Fighting       | 3 4 5 6 7 8 |  8.0
Armour         | |  1.5
Dodging        | |  1.5

Action                   |  1- 3 |  4- 6 |  7- 9 | 10-12 || total
-------------------------+-------+-------+-------+-------++-------
Melee: Mace              |   112 |   113 |       |       ||   225
       Bite              |    28 |    50 |   107 |    77 ||   262
       Morningstar       |       |    79 |    94 |       ||   173
       Dire flail        |       |       |   129 |       ||   129
       Flail             |       |       |    79 |   266 ||   345
 Fire: Longbow           |       |       |       |    79 ||    79
Invok: Berserk           |     4 |     5 |     5 |     3 ||    17
       Trog's Hand       |       |     2 |     1 |     1 ||     4
       Burn Spellbooks   |       |       |       |     2 ||     2
Evoke: Wand              |       |       |       |     2 ||     2
  Use: Scroll            |       |       |    16 |     2 ||    18
       Potion            |       |       |       |     1 ||     1
  Eat: Chunk             |     6 |    12 |    13 |    10 ||    41
       Meat ration       |       |       |     1 |     1 ||     2
Armor: Animal skin       |    15 |       |       |       ||    15
       Ring mail         |    16 |     7 |       |       ||    23
       Chain mail        |       |   122 |    13 |       ||   135
       Plate armour      |       |       |   178 |    25 ||   203
       Scale mail        |       |       |       |    99 ||    99
Dodge: Dodged            |    96 |    94 |    79 |   133 ||   402
